[Event "November 21 Late 2023"]
[Site "https://www.chess.com"]
[Date "2023.11.21"]
[Round "9"]
[White "Silvestre, Christian"]
[Black "Osmak, Yuliia"]
[Result "1/2-1/2"]
[Board "66"]
[TimeControl "180+1"]
[WhiteFideId "30956269"]
[BlackFideId "14101602"]
[WhiteElo "2347"]
[BlackElo "2303"]
[WhiteTeam "USA"]
[BlackTeam "UKR"]
[WhiteClock "0:00:07"]
[BlackClock "0:00:01"]

1. e4 c5 2. Nf3 Nc6 3. Nc3 e5 4. Bc4 d6 5. d3 Be7 6. a3 Nf6 7. h3 O-O 8. O-O Be6 9. Nd5 Bxd5 10. Bxd5 Nxd5 11. exd5 Nb8 12. b4 Nd7 13. Rb1 b6 14. Nd2 Rc8 15. b5 f5 16. f4 exf4 17. Nc4 g5 18. Bb2 Nf6 19. Re1 Nxd5 20. Qh5 Bf6 21. Re6 Bxb2 22. Rxb2 Nc3 23. Rg6+ Kh8 24. Qxg5 Qxg5 25. Rxg5 Rcd8 26. Rb3 Ne2+ 27. Kf2 Nd4 28. Rb2 Rfe8 29. c3 d5 30. Nxb6 Ne6 31. Rxf5 axb6 32. Re2 Nc7 33. Rxe8+ Rxe8 34. a4 Ra8 35. Rf7 Ne6 36. Rf6 Re8 37. Rf7 c4 38. dxc4 dxc4 39. Rb7 Nc5 40. Rxb6 Nxa4 41. Rc6 Nxc3 42. Rxc4 Nxb5 43. Rxf4 Nd6 44. g4 Kg7 45. Ra4 Re7 46. h4 Rb7 47. Kg3 Rc7 48. Kf4 Rc4+ 49. Rxc4 Nxc4 50. g5 Kg6 51. Kg4 Ne5+ 52. Kf4 Nd3+ 53. Kg4 Nf2+ 54. Kf3 Nd1 55. Kg4 Ne3+ 56. Kf3 Nd5 57. Kg4 Ne7 58. h5+ Kg7 59. Kf4 Nd5+ 60. Ke5 Ne3 61. Kf4 Ng2+ 62. Kg3 Ne1 63. Kf4 Kg8 64. Kf5 Kf8 65. Kf6 Nf3 66. g6 h6 67. g7+ Kg8 68. Kg6 Ne5+ 69. Kxh6 Nf7+ 70. Kg6 Ne5+ 71. Kf6 Nf7 72. Kg6 Ne5+ 73. Kf6 Nf7 74. Ke6 Kxg7 75. h6+ Nxh6 1/2-1/2

[Event "November 21 Late 2023"]
[Site "https://www.chess.com"]
[Date "2023.11.21"]
[Round "9"]
[White "Mazurkiewicz, Michal"]
[Black "DraningWaterHi"]
[Result "1-0"]
[Board "67"]
[TimeControl "180+1"]
[WhiteFideId "1124943"]
[WhiteElo "2124"]
[BlackElo "2163"]
[WhiteTeam "POL"]
[WhiteClock "0:02:21"]
[BlackClock "0:01:55"]

1. e4 e5 2. Nf3 Nc6 3. Bb5 a6 4. Bxc6 dxc6 5. O-O f6 6. d4 exd4 7. Nxd4 c5 8. Nb3 Qxd1 9. Rxd1 Be6 10. Bf4 Rc8 11. Nc3 c6 12. Na4 c4 13. Nbc5 Bf7 14. Nxb7 Be7 15. Nb6 1-0

[Event "November 21 Late 2023"]
[Site "https://www.chess.com"]
[Date "2023.11.21"]
[Round "9"]
[White "Serban, Cristian-Stefan"]
[Black "Yushko, Olga"]
[Result "0-1"]
[Board "68"]
[TimeControl "180+1"]
[WhiteFideId "1241443"]
[BlackFideId "14114500"]
[WhiteElo "2028"]
[BlackElo "2028"]
[WhiteTeam "ROU"]
[BlackTeam "UKR"]
[WhiteClock "0:00:52"]
[BlackClock "0:01:30"]

1. Nf3 e6 2. b3 f5 3. Bb2 Nf6 4. d4 d6 5. g3 Be7 6. Bg2 O-O 7. O-O Qe8 8. Nbd2 Qg6 9. Ne1 Ne4 10. Nd3 Nxd2 11. Qxd2 Nd7 12. c4 Bf6 13. Rad1 Re8 14. Rfe1 e5 15. dxe5 dxe5 16. e4 f4 17. gxf4 exf4 18. Nxf4 Qh6 19. Nd5 Bxb2 20. Qxb2 Ne5 21. Nxc7 Bg4 22. Nxa8 Nf3+ 23. Bxf3 Bxf3 24. Re2 Qg5+ 25. Kf1 Qg2+ 26. Ke1 Qg1+ 27. Kd2 Rd8+ 28. Kc3 Qxd1 29. Rd2 Qe1 30. Nc7 Bxe4 31. Ne6 Rd3+ 32. Kb4 Qxd2+ 33. Qxd2 Rxd2 0-1

[Event "November 21 Late 2023"]
[Site "https://www.chess.com"]
[Date "2023.11.21"]
[Round "9"]
[White "Ventura Bolet, Maxim"]
[Black "Dias, Joao Batista"]
[Result "1-0"]
[Board "69"]
[TimeControl "180+1"]
[WhiteFideId "22238824"]
[BlackFideId "2108240"]
[WhiteElo "2227"]
[BlackElo "1907"]
[WhiteTeam "ESP"]
[BlackTeam "BRA"]
[WhiteClock "0:00:06"]
[BlackClock "0:00:03"]

1. Nf3 Nf6 2. g3 g6 3. Bg2 Bg7 4. O-O O-O 5. c4 c6 6. d4 d6 7. Nc3 Bg4 8. d5 c5 9. h3 Bxf3 10. exf3 Nbd7 11. f4 Re8 12. a4 a6 13. a5 b6 14. axb6 Qxb6 15. Re1 Qb7 16. Qc2 Nb6 17. b3 Nh5 18. Bd2 Bd4 19. g4 Nf6 20. Be3 Bxc3 21. Qxc3 h5 22. g5 Nh7 23. Bc1 f6 24. Bb2 Qd7 25. Re6 Nf8 26. Rae1 Nxe6 27. Rxe6 Qd8 28. Qc2 Kg7 29. Be4 Nd7 30. Bxg6 Rh8 31. Qe4 Kf8 32. gxf6 Nxf6 33. Qf5 Kg7 34. Bxh5 Rxh5 35. Qxh5 Qg8 36. Kh1 Qf7 37. Qg5+ Kf8 38. Bxf6 Qh7 39. Bxe7+ Kf7 40. Qf6+ Kg8 41. Qg6+ Qxg6 42. Rxg6+ Kf7 43. Rxd6 Kxe7 44. Rc6 a5 45. Rxc5 a4 46. bxa4 Rxa4 47. Rc6 Ra2 48. Kg2 Ra3 49. h4 Kf7 50. h5 Ra8 51. Kf3 Rh8 52. Kg4 Rg8+ 53. Kf5 Rg2 54. Rc7+ Kg8 55. h6 Kh8 56. d6 Rxf2 57. d7 Rd2 58. Rc8+ Kh7 59. d8=Q Rxd8 60. Rxd8 Kxh6 61. Rd7 1-0

[Event "November 21 Late 2023"]
[Site "https://www.chess.com"]
[Date "2023.11.21"]
[Round "9"]
[White "Saim, Mohamed Ilias"]
[Black "BM223344"]
[Result "0-1"]
[Board "70"]
[TimeControl "180+1"]
[WhiteFideId "7900465"]
[WhiteElo "2063"]
[BlackElo "2487"]
[WhiteTeam "ALG"]
[WhiteClock "0:00:00"]
[BlackClock "0:01:34"]

1. d4 Nf6 2. Nf3 g6 3. c4 Bg7 4. e3 d6 5. Be2 O-O 6. O-O Nbd7 7. b4 a5 8. b5 e5 9. a4 exd4 10. exd4 c6 11. Ba3 Qc7 12. Nbd2 Re8 13. Rc1 Nf8 14. Re1 Bf5 15. Nh4 Bd7 16. Nhf3 Ne6 17. Qb3 Nf4 18. Bf1 Bf5 19. b6 Qd7 20. Rxe8+ Rxe8 21. Qc3 Ra8 22. Re1 h5 23. Qe3 Ne6 24. Nh4 Ng4 25. Qe2 Nxd4 26. Qe7 Rd8 27. Nxf5 Nxf5 28. Qxd7 Rxd7 29. Re8+ Kh7 30. Bd3 Bd4 31. Bxf5 gxf5 32. Re2 Bxb6 33. h3 Ne5 34. Ne4 fxe4 35. Rxe4 f5 36. Rh4 Kg6 37. Rf4 Nd3 38. Rf3 Ne1 39. Re3 Nc2 40. Re6+ Kf7 41. Rxd6 Rxd6 42. Bxd6 Nb4 43. Kf1 Ke6 44. c5 Ba7 45. Ke2 Kd5 46. Ke3 Bxc5+ 47. Bxc5 Kxc5 48. Kf4 Kd4 49. Kxf5 c5 50. g4 hxg4 51. hxg4 c4 52. g5 Nd5 53. Ke6 Nc3 54. g6 Ne4 55. g7 c3 56. g8=Q c2 0-1

[Event "November 21 Late 2023"]
[Site "https://www.chess.com"]
[Date "2023.11.21"]
[Round "9"]
[White "Hansen, Sune Berg"]
[Black "Miszler, Levente"]
[Result "1-0"]
[Board "71"]
[TimeControl "180+1"]
[WhiteFideId "1400266"]
[BlackFideId "763276"]
[WhiteElo "2680"]
[BlackElo "2186"]
[WhiteTeam "DEN"]
[BlackTeam "HUN"]
[WhiteClock "0:00:49"]
[BlackClock "0:00:14"]

1. e4 e6 2. d3 b5 3. Nf3 c5 4. g3 d5 5. Nbd2 Nc6 6. Bg2 Nf6 7. O-O Be7 8. Re1 O-O 9. exd5 exd5 10. d4 Qb6 11. dxc5 Bxc5 12. Re2 Ne4 13. Qe1 Bg4 14. Nb3 Ne5 15. Nxe5 Bxe2 16. Nxc5 Qxc5 17. Qxe2 Rfe8 18. Nd3 Qc6 19. Be3 Nd6 20. Qg4 Nc4 21. Bd4 Qg6 22. Qxg6 hxg6 23. Nf4 Rac8 24. Nxd5 Rcd8 25. a4 a6 26. axb5 axb5 27. b3 Ne5 28. Bxe5 Rxe5 29. c4 bxc4 30. bxc4 Rc8 31. Ne3 f5 32. Ra7 g5 33. Bd5+ Kh8 34. Kg2 f4 35. Ng4 Re2 36. Kf3 Rb2 37. gxf4 Rb3+ 38. Ke4 Re8+ 39. Ne5 gxf4 40. Bf7 Rc8 41. Ng6+ Kh7 42. Nxf4 Rc5 43. Bd5 Kh6 44. Ne6 Rc8 45. Nxg7 Rf8 46. Nf5+ Kg6 47. Ra6+ Kg5 48. h4+ Kg4 49. Rg6+ Kh3 50. h5 Kh2 51. h6 Rh3 52. f4 Re8+ 53. Kd4 Rf8 54. Rg2+ Kh1 55. Rg8+ Kh2 56. Rxf8 Rh5 57. Ke4 Rh4 58. Nxh4 Kh3 59. h7 Kg4 60. h8=Q 1-0

[Event "November 21 Late 2023"]
[Site "https://www.chess.com"]
[Date "2023.11.21"]
[Round "9"]
[White "Van Osch, Mees"]
[Black "Zarnicki, Pablo"]
[Result "0-1"]
[Board "72"]
[TimeControl "180+1"]
[WhiteFideId "1035967"]
[BlackFideId "100137"]
[WhiteElo "2324"]
[BlackElo "2468"]
[WhiteTeam "NED"]
[BlackTeam "ARG"]
[WhiteClock "0:00:00"]
[BlackClock "0:00:13"]

1. e4 a5 2. a4 e5 3. Nf3 Nf6 4. Nc3 Bb4 5. Bc4 Nxe4 6. Bxf7+ Kxf7 7. Nxe4 d5 8. Nxe5+ Ke6 9. Qh5 dxe4 10. c3 Bd6 11. Nc4 Nc6 12. O-O g6 13. Qg4+ Kf7 14. Qxe4 Re8 15. Qf3+ Qf6 16. Qxf6+ Kxf6 17. d4 Bf5 18. h4 Bd3 19. Bg5+ Kf7 20. Nxd6+ cxd6 21. Rfe1 Rxe1+ 22. Rxe1 Re8 23. Rxe8 Kxe8 24. f3 Bc2 25. Kf2 Bxa4 26. Ke3 Bb3 27. g4 a4 28. h5 Na5 29. Ke4 gxh5 30. gxh5 Nc4 31. Bc1 b5 32. Kf5 Kf7 33. Kg5 Bd1 34. f4 d5 35. Kh6 Bc2 36. Kg5 Nd6 37. Kh6 Ne4 38. f5 Nd6 39. Kxh7 Nxf5 0-1

[Event "November 21 Late 2023"]
[Site "https://www.chess.com"]
[Date "2023.11.21"]
[Round "9"]
[White "Pace, Christopher"]
[Black "D`Arruda, Ricardo D."]
[Result "0-1"]
[Board "73"]
[TimeControl "180+1"]
[WhiteFideId "2610167"]
[BlackFideId "100692"]
[WhiteElo "2425"]
[BlackElo "2528"]
[WhiteTeam "CAN"]
[BlackTeam "ARG"]
[WhiteClock "0:00:20"]
[BlackClock "0:00:13"]

1. e4 c5 2. Nf3 Nc6 3. d4 cxd4 4. Nxd4 e5 5. Nb5 a6 6. Nd6+ Bxd6 7. Qxd6 Qe7 8. Qxe7+ Ngxe7 9. c3 d5 10. exd5 Nxd5 11. g3 Bf5 12. Bg2 O-O-O 13. O-O Rhe8 14. Nd2 Kc7 15. Re1 f6 16. h3 h5 17. Nc4 b5 18. Ne3 Nxe3 19. Bxe3 Na5 20. a4 Nc4 21. Bc1 Bd7 22. axb5 axb5 23. Ra7+ Kb6 24. Rb7+ Ka6 25. b3 Nd6 26. Rc7 Kb6 27. Rxd7 Rxd7 28. Be3+ Kc7 29. Ra1 Nc8 30. Ra6 Rd6 31. Ra5 Rb6 32. Bxb6+ Kxb6 33. Ra8 Nd6 34. Rxe8 Nxe8 35. c4 bxc4 36. bxc4 Kc5 37. Bd5 Nd6 38. Kg2 Nxc4 39. Bf7 h4 40. gxh4 Kd4 41. Kg3 Nd6 42. Bg6 Ne4+ 43. Kg2 Nc3 44. Kg3 Nd5 45. Kg4 Ne7 46. Bb1 e4 47. Kf4 Nd5+ 48. Kf5 Ne7+ 49. Ke6 Ng6 50. Kf7 Nf4 51. Kxg7 Nxh3 52. h5 Nxf2 53. Kxf6 e3 54. Bf5 e2 55. h6 e1=Q 56. h7 Qe5+ 0-1

[Event "November 21 Late 2023"]
[Site "https://www.chess.com"]
[Date "2023.11.21"]
[Round "9"]
[White "Omariev, Maksim"]
[Black "Gutkin, Ilya"]
[Result "0-1"]
[Board "74"]
[TimeControl "180+1"]
[WhiteFideId "4193423"]
[BlackFideId "16203470"]
[WhiteElo "2508"]
[BlackElo "2248"]
[WhiteTeam "RUS"]
[BlackTeam "GER"]
[WhiteClock "0:00:09"]
[BlackClock "0:00:08"]

1. e4 e5 2. Nf3 Nc6 3. Bb5 Nf6 4. O-O Nxe4 5. Re1 Nd6 6. Nxe5 Be7 7. Bd3 Nxe5 8. Rxe5 O-O 9. Nc3 Bf6 10. Re3 Re8 11. b3 Rxe3 12. fxe3 Ne8 13. Bb2 d5 14. Qf3 c6 15. Rf1 Nd6 16. a4 Be6 17. Ba3 Bxc3 18. dxc3 Ne4 19. Bxe4 dxe4 20. Qxe4 Qd2 21. c4 Re8 22. Bc1 Qd7 23. Qd4 Qxd4 24. exd4 Bg4 25. h3 Bh5 26. Bf4 Re2 27. Rf2 Rxf2 28. Kxf2 Bd1 29. b4 Bxc2 30. a5 Bb3 31. c5 f6 32. Ke3 Kf7 33. Bd6 Ke6 34. a6 bxa6 35. Bb8 Kd5 36. Kd3 Bc4+ 37. Kc3 Bf1 38. g3 Bxh3 39. Bxa7 Ke4 40. Bb8 Be6 41. Bd6 Bd5 42. Bf8 g5 43. Bg7 f5 44. Kd2 Kf3 45. Be5 h5 46. Bf6 Kxg3 47. Bxg5 h4 48. Ke3 h3 49. Bf4+ Kg2 50. Bh2 Kxh2 51. Kf2 f4 52. b5 axb5 53. Kf1 Kg3 54. Ke2 h2 55. Kd2 h1=Q 56. Kc3 Qf3+ 57. Kb4 Qb3+ 58. Ka5 Qa4+ 59. Kb6 b4 60. Kc7 b3 61. Kd6 b2 62. Ke5 b1=Q 63. Kf6 Qe4 64. Kg5 Qa7 65. Kh6 Qah7+ 66. Kg5 Qhg6# 0-1

[Event "November 21 Late 2023"]
[Site "https://www.chess.com"]
[Date "2023.11.21"]
[Round "9"]
[White "Estrada Nieto, Julian"]
[Black "Seletsky, Grigory"]
[Result "1-0"]
[Board "75"]
[TimeControl "180+1"]
[WhiteFideId "5101018"]
[BlackFideId "14112191"]
[WhiteElo "2161"]
[BlackElo "2482"]
[WhiteTeam "ESP"]
[BlackTeam "UKR"]
[WhiteClock "0:00:19"]
[BlackClock "0:00:00"]

1. e4 e6 2. d4 d5 3. Nd2 Nf6 4. e5 Nfd7 5. Bd3 c5 6. c3 Nc6 7. Ne2 cxd4 8. cxd4 f6 9. exf6 Nxf6 10. Nf3 Bd6 11. O-O Qc7 12. Bg5 O-O 13. h3 Nh5 14. Nc3 a6 15. Rc1 Nf4 16. Bb1 h6 17. Bxf4 Bxf4 18. Rc2 Bd7 19. Re2 Rae8 20. Qd3 Rf6 21. Rfe1 Ne7 22. Qh7+ Kf7 23. Ne5+ Bxe5 24. dxe5 Rf4 25. Re3 d4 26. Rg3 Rg8 27. Ne4 Kf8 28. Nd6 Qc5 29. Qd3 Bb5 30. Qd2 Rf7 31. Rc1 Qxe5 32. Nxf7 Kxf7 33. Rf3+ Nf5 34. g4 Bc6 35. Rf4 g5 36. Rxf5+ exf5 37. Bd3 Qd5 38. Bc4 Rd8 39. Qxd4 Kg6 40. Bxd5 Rxd5 41. Qc3 fxg4 42. hxg4 Rd6 43. Re1 Rf6 44. Re3 Rf4 45. Qd3+ Kf7 46. Qb3+ Kf6 47. f3 1-0

[Event "November 21 Late 2023"]
[Site "https://www.chess.com"]
[Date "2023.11.21"]
[Round "9"]
[White "Figorito, Nick"]
[Black "Martins, Bruno Andre Leite"]
[Result "1/2-1/2"]
[Board "76"]
[TimeControl "180+1"]
[WhiteFideId "30923689"]
[BlackFideId "1942255"]
[WhiteElo "2374"]
[BlackElo "2307"]
[WhiteTeam "USA"]
[BlackTeam "POR"]
[WhiteClock "0:00:04"]
[BlackClock "0:00:02"]

1. Nf3 Nf6 2. g3 g6 3. Bg2 Bg7 4. O-O O-O 5. c4 c6 6. Nc3 d5 7. cxd5 cxd5 8. d4 Nc6 9. Ne5 Bd7 10. Nxc6 Bxc6 11. Bf4 e6 12. Be5 Bh6 13. Na4 Nd7 14. Bd6 Re8 15. Nc5 b6 16. Nxd7 Qxd7 17. Be5 Rac8 18. e3 Bb5 19. Re1 Bf8 20. a3 Ba4 21. Qf3 Bg7 22. Bxg7 Kxg7 23. Rac1 Bc2 24. Qf4 Qb5 25. h4 h5 26. b4 Qd3 27. Ra1 Rc3 28. Bf1 Qf5 29. Qxf5 Bxf5 30. Rec1 Rec8 31. Rxc3 Rxc3 32. Be2 Kf6 33. Kg2 Be4+ 34. Bf3 Kf5 35. Bxe4+ Kxe4 36. Ra2 f6 37. b5 e5 38. dxe5 fxe5 39. a4 d4 40. exd4 exd4 41. a5 d3 42. axb6 axb6 43. Ra4+ Kd5 44. Kf3 d2+ 45. Ke2 Rd3 46. Ra1 Kc4 47. Rd1 Rd6 48. Rxd2 Re6+ 49. Kf3 Kxb5 50. Kf4 Kc4 51. f3 b5 52. g4 Rf6+ 53. Kg5 Rxf3 54. gxh5 gxh5 55. Kxh5 Rg3 56. Kh6 Kc3 57. Rd8 b4 58. Rb8 b3 59. h5 Kd4 60. Kh7 Ke5 61. h6 Kf6 62. Kh8 Kf7 63. h7 Rc3 64. Rb7+ Kg6 65. Rb6+ Kf7 66. Rb7+ Kf6 67. Rb6+ Kg5 68. Rb5+ Kf6 69. Rb6+ Kf7 70. Rb7+ 1/2-1/2

[Event "November 21 Late 2023"]
[Site "https://www.chess.com"]
[Date "2023.11.21"]
[Round "9"]
[White "Musalov, Ruslan"]
[Black "hristos03"]
[Result "1-0"]
[Board "77"]
[TimeControl "180+1"]
[WhiteFideId "4141490"]
[WhiteElo "2268"]
[BlackElo "2386"]
[WhiteTeam "RUS"]
[WhiteClock "0:00:37"]
[BlackClock "0:00:01"]

1. e4 c5 2. d4 cxd4 3. c3 d5 4. exd5 Qxd5 5. cxd4 g6 6. Nc3 Qd8 7. Nf3 Bg7 8. Bc4 Nf6 9. O-O O-O 10. h3 a6 11. a4 Nc6 12. Bf4 Nb4 13. Be5 Bf5 14. Qd2 Rc8 15. Bb3 Nc6 16. Rfd1 Qb6 17. Ba2 Rfd8 18. Qe2 Nb4 19. Bb3 Nc6 20. Ba2 Nb4 21. Bc4 h6 22. Rd2 Nc6 23. Rad1 Nxe5 24. dxe5 Rxd2 25. Rxd2 Nd7 26. Nd5 Qd8 27. b3 Kh7 28. Nf4 Qe8 29. g4 Bb1 30. Qd1 Be4 31. e6 Bxf3 32. exd7 Qxd7 33. Rxd7 Bxd1 34. Rxd1 e5 35. Nd5 Rd8 36. f3 Bf8 37. Nf6+ Kg7 1-0

[Event "November 21 Late 2023"]
[Site "https://www.chess.com"]
[Date "2023.11.21"]
[Round "9"]
[White "Romero Ruscalleda, Josep"]
[Black "ATM622"]
[Result "0-1"]
[Board "78"]
[TimeControl "180+1"]
[WhiteFideId "2231859"]
[WhiteElo "2183"]
[BlackElo "2457"]
[WhiteTeam "ESP"]
[WhiteClock "0:00:08"]
[BlackClock "0:00:08"]

1. e4 c6 2. Nc3 d5 3. Nf3 dxe4 4. Nxe4 Bf5 5. Ng3 Bg6 6. h4 h6 7. h5 Bh7 8. d4 Nf6 9. Bf4 e6 10. Bd3 Bxd3 11. Qxd3 Bd6 12. Ne5 Qa5+ 13. Bd2 Qa6 14. c4 Nbd7 15. Bc3 Bxe5 16. dxe5 Nd5 17. O-O-O Nc5 18. Qd4 Nxc3 19. Qxc3 Qxa2 20. Rh4 O-O 21. Rg4 Rfd8 22. Rd6 Qa1+ 23. Kd2 Na4 24. Qd4 Qxb2+ 25. Qxb2 Nxb2 26. Kc3 Nd1+ 27. Kb4 Nxf2 28. Rgd4 Rxd6 29. exd6 Kf8 30. Kc3 Rd8 31. c5 f5 32. Kd2 b6 33. cxb6 axb6 34. Ke3 Ng4+ 35. Kf4 e5+ 36. Kxf5 exd4 37. Ke6 Nf6 38. Nf5 Re8+ 39. Ne7 d3 40. Kf5 Rxe7 41. dxe7+ Kxe7 42. Kg6 d2 43. Kxg7 d1=Q 0-1

[Event "November 21 Late 2023"]
[Site "https://www.chess.com"]
[Date "2023.11.21"]
[Round "9"]
[White "Gerbelli Neto, Eduardo"]
[Black "liwadas82"]
[Result "1/2-1/2"]
[Board "79"]
[TimeControl "180+1"]
[WhiteFideId "2103281"]
[WhiteElo "2178"]
[BlackElo "2453"]
[WhiteTeam "BRA"]
[WhiteClock "0:00:16"]
[BlackClock "0:00:05"]

1. e4 e5 2. Nc3 Nf6 3. Nf3 Nc6 4. d4 exd4 5. Nxd4 Bb4 6. Nxc6 bxc6 7. Bd3 d5 8. Bd2 O-O 9. O-O Bxc3 10. Bxc3 dxe4 11. Bxf6 Qxf6 12. Bxe4 Qxb2 13. Bxc6 Rb8 14. Rb1 Qxb1 15. Qxb1 Rxb1 16. Rxb1 Rd8 17. Bf3 Kf8 18. Rb4 Ke7 19. Ra4 a6 20. Rc4 Kd6 21. Kf1 c5 22. Rc3 g5 23. h3 Re8 24. Ra3 Kc7 25. Be2 Kb6 26. Rb3+ Kc7 27. Rf3 f5 28. Ra3 Re6 29. Bd3 Rd6 30. Ke2 h6 31. g3 Kb6 32. Rb3+ Kc7 33. Ke3 Re6+ 34. Kd2 Rd6 35. Kc3 Bb7 36. Ra3 f4 37. gxf4 gxf4 38. Ra4 Rf6 39. Be4 Bxe4 40. Rxe4 Kc6 41. Kc4 f3 42. Rh4 Rd6 43. Rh5 Rd4+ 44. Kc3 Ra4 45. Rxh6+ Kb5 46. Kb3 Re4 47. Rf6 Rb4+ 48. Kc3 Rc4+ 49. Kd3 Ra4 50. Rxf3 Rxa2 51. h4 Ra1 52. h5 Rh1 53. Rf5 a5 54. Kc3 Rh3+ 55. f3 a4 56. Kb2 Kb4 57. c3+ Kc4 58. Ka3 Kxc3 59. Kxa4 Kd4 60. Kb5 c4 61. Rf4+ Ke3 62. Rxc4 Rxh5+ 63. Rc5 Rxc5+ 64. Kxc5 Kxf3 1/2-1/2

[Event "November 21 Late 2023"]
[Site "https://www.chess.com"]
[Date "2023.11.21"]
[Round "9"]
[White "Minko, Dmitry"]
[Black "Butti, Enrique"]
[Result "1-0"]
[Board "80"]
[TimeControl "180+1"]
[WhiteFideId "24188468"]
[BlackFideId "3700470"]
[WhiteElo "1992"]
[BlackElo "2080"]
[WhiteTeam "FID"]
[BlackTeam "PAR"]
[WhiteClock "0:00:17"]
[BlackClock "0:00:17"]

1. e4 c5 2. Nf3 d6 3. d4 cxd4 4. Nxd4 Nf6 5. Nc3 a6 6. f3 Nc6 7. Be3 Nxd4 8. Qxd4 e5 9. Qd2 Be6 10. O-O-O Rc8 11. Kb1 Be7 12. g4 Qa5 13. Nd5 Qxd2 14. Nxf6+ Bxf6 15. Rxd2 Be7 16. Be2 O-O 17. Rhd1 Rc6 18. f4 f6 19. h3 Rfc8 20. c3 b5 21. Bf3 a5 22. g5 fxg5 23. fxe5 dxe5 24. Bg4 h5 25. Bxe6+ Rxe6 26. Rd5 Rb8 27. Rg1 Rg6 28. Rxe5 Bf6 29. Rd5 g4 30. e5 Be7 31. hxg4 hxg4 32. Rd4 g3 33. Bf4 g2 34. Rd2 Rg4 35. Bh2 b4 36. cxb4 Rbxb4 37. Rdxg2 Rxg2 38. Rxg2 Kf7 39. Kc2 g5 40. b3 Ke6 41. Kd3 a4 42. Kc3 axb3 43. axb3 Re4 44. Ra2 Bb4+ 45. Kd3 Rh4 46. Rg2 g4 47. Bg3 Rh3 48. Ke4 Bc3 49. Rg1 Rh7 50. Bf4 Rg7 51. Rc1 Bb4 52. Rc6+ Kd7 53. Rb6 Be7 54. e6+ Kc8 55. Rb8# 1-0

[Event "November 21 Late 2023"]
[Site "https://www.chess.com"]
[Date "2023.11.21"]
[Round "9"]
[White "Marcziter, Dmitrii"]
[Black "Rosen, Eric"]
[Result "1-0"]
[Board "81"]
[TimeControl "180+1"]
[WhiteFideId "13900765"]
[BlackFideId "2032562"]
[WhiteElo "2142"]
[BlackElo "2346"]
[WhiteTeam "GER"]
[BlackTeam "USA"]
[WhiteClock "0:00:04"]
[BlackClock "0:00:04"]

1. e4 e5 2. Nf3 Nf6 3. Nxe5 Nc6 4. Nf3 Nxe4 5. d4 d5 6. c4 Bg4 7. Be2 Bb4+ 8. Nbd2 Bxf3 9. Bxf3 Nxd4 10. Qa4+ b5 11. cxb5 Nxf3+ 12. gxf3 Nc5 13. Qc2 Qe7+ 14. Kf1 O-O 15. a3 Bxd2 16. Bxd2 a5 17. bxa6 Nxa6 18. Re1 Qh4 19. Qf5 g6 20. Qg4 Qxg4 21. fxg4 c5 22. Kg2 Rab8 23. Bc1 c4 24. Rd1 Rfd8 25. Bg5 Rd7 26. Bf6 Nc5 27. Rd4 Nd3 28. Rb1 Rdb7 29. Kg3 Rb6 30. g5 h6 31. h4 Rd6 32. b4 hxg5 33. hxg5 Rxf6 34. gxf6 Rd8 35. b5 Nc5 36. b6 Nb7 37. a4 Rd6 38. a5 Nxa5 39. b7 Nxb7 40. Rxb7 Rxf6 41. Rxd5 Rc6 42. Rb2 Kg7 43. Rc2 Kf6 44. Rd4 c3 45. Rd3 Kg7 46. Rdxc3 Rf6 47. Rf3 Re6 48. Rc7 Kh6 49. Rcxf7 Re1 50. Kg2 Rc1 51. R7f4 Kg5 52. Ra4 Rc5 53. Rg3+ Kh5 54. Ra6 g5 55. Kh3 Rb5 56. Kg2 Rc5 57. Ra8 Rd5 58. Rh8+ Kg6 59. Rg8+ Kf6 60. Rf3+ Ke7 61. Kg3 Rd4 62. Rg6 Rd1 63. Kg4 Rg1+ 64. Kf5 Ra1 65. Rxg5 Ra4 66. Rg7+ Kf8 67. Rg4 Ra6 68. Kg5+ Kg7 69. Rgf4 Rg6+ 70. Kh5 Rh6+ 71. Kg4 Rg6+ 72. Kf5 Rf6+ 73. Ke4 Re6+ 74. Kd3 Re1 75. Kd2 Rh1 76. Rg3+ Kh6 77. Ke3 Re1+ 78. Kf3 Rh1 79. Kg2 Rd1 80. Rh4# 1-0

[Event "November 21 Late 2023"]
[Site "https://www.chess.com"]
[Date "2023.11.21"]
[Round "9"]
[White "Bugayev, Vladimir"]
[Black "Ferreira, Vitor Hugo Vieira"]
[Result "1-0"]
[Board "82"]
[TimeControl "180+1"]
[WhiteFideId "30901480"]
[BlackFideId "2119765"]
[WhiteElo "2365"]
[BlackElo "2123"]
[WhiteTeam "USA"]
[BlackTeam "BRA"]
[WhiteClock "0:01:26"]
[BlackClock "0:01:39"]

1. e4 c5 2. Nc3 d6 3. f4 g6 4. Nf3 Bg7 5. Bc4 Nc6 6. O-O e6 7. d4 Nxd4 8. Be3 Nxf3+ 9. Qxf3 Ne7 10. f5 gxf5 11. exf5 Nxf5 12. g4 d5 13. Bb5+ Bd7 14. gxf5 d4 15. fxe6 O-O 16. exd7 dxe3 17. Nd5 a6 18. Bd3 Qxd7 19. Qe4 f5 20. Ne7+ Kh8 21. Rxf5 Rxf5 22. Qxf5 Qxf5 23. Nxf5 Bxb2 24. Rb1 Bd4 25. Nxd4 cxd4 26. Rxb7 Re8 27. Kf1 Rf8+ 28. Ke1 Rf2 29. Rxh7+ Kg8 30. Rd7 Rxh2 31. Rxd4 Rh4 32. Rxh4 1-0

[Event "November 21 Late 2023"]
[Site "https://www.chess.com"]
[Date "2023.11.21"]
[Round "9"]
[White "Gallegos Diaz, Carlos Alberto"]
[Black "Cristi_Coca"]
[Result "1-0"]
[Board "83"]
[TimeControl "180+1"]
[WhiteFideId "3900886"]
[WhiteElo "2362"]
[BlackElo "2488"]
[WhiteTeam "VEN"]
[WhiteClock "0:00:15"]
[BlackClock "0:00:16"]

1. e4 c5 2. Nc3 e6 3. f4 Nc6 4. Nf3 d6 5. g3 g6 6. Bg2 Bg7 7. O-O Nge7 8. d3 O-O 9. Be3 Rb8 10. Qd2 b5 11. d4 b4 12. Ne2 c4 13. d5 exd5 14. exd5 Na5 15. Nfd4 c3 16. bxc3 Nc4 17. Qd3 Nxe3 18. Qxe3 Re8 19. Qd2 Ba6 20. Rfe1 Bxe2 21. Qxe2 bxc3 22. Nc6 Nxc6 23. Qxe8+ Qxe8 24. Rxe8+ Rxe8 25. dxc6 Bd4+ 26. Kf1 Bb6 27. Rb1 Kf8 28. Rb3 Ke7 29. Rxc3 Kd8 30. Rd3 Kc7 31. a4 Bc5 32. Bd5 f5 33. h3 Rb8 34. Rb3 Bb6 35. Ke2 Re8+ 36. Kf3 Re1 37. a5 Bxa5 38. Rb7+ Kc8 39. Rxh7 Bb6 40. g4 Rf1+ 41. Kg3 Rg1+ 42. Kh4 Bd8+ 43. g5 Rf1 44. Be6+ Kb8 45. Rb7+ Ka8 46. c7 Bxc7 47. Rxc7 a5 48. Bd5+ Kb8 49. Rb7+ Kc8 50. Ra7 Rxf4+ 51. Kg3 Ra4 52. c4 Ra3+ 53. Kf4 Ra4 54. h4 Kb8 55. Rb7+ Kc8 56. Rg7 Ra1 57. Rxg6 a4 58. Kxf5 a3 59. Rg8+ Kc7 60. Ra8 a2 61. Kg6 Kb6 62. h5 Kc5 63. h6 1-0

[Event "November 21 Late 2023"]
[Site "https://www.chess.com"]
[Date "2023.11.21"]
[Round "9"]
[White "Kochiev, Ivan"]
[Black "Padalka, Artem"]
[Result "0-1"]
[Board "84"]
[TimeControl "180+1"]
[WhiteFideId "2917890"]
[BlackFideId "14118637"]
[WhiteElo "2285"]
[BlackElo "2056"]
[WhiteTeam "BUL"]
[BlackTeam "POL"]
[WhiteClock "0:00:39"]
[BlackClock "0:01:32"]

1. e4 c5 2. Nf3 d6 3. d4 cxd4 4. Nxd4 Nf6 5. f3 g6 6. c4 Bg7 7. Nc3 O-O 8. Be3 Nc6 9. Be2 Nxd4 10. Bxd4 Be6 11. O-O Nd7 12. Bxg7 Kxg7 13. Rc1 Qb6+ 14. Kh1 Qxb2 15. Qd4+ f6 16. Rb1 Qa3 17. Rxb7 Rfc8 18. Nd5 Bxd5 19. Rxd7 Bf7 20. Rxe7 Qxa2 21. Qd5 Rf8 22. Rf2 Rab8 23. Kg1 Rb2 24. Qd4 Rxe2 0-1

[Event "November 21 Late 2023"]
[Site "https://www.chess.com"]
[Date "2023.11.21"]
[Round "9"]
[White "Toniutti, Ezio"]
[Black "Hoffmann, Asa"]
[Result "1-0"]
[Board "85"]
[TimeControl "180+1"]
[WhiteFideId "113034"]
[BlackFideId "2001470"]
[WhiteElo "2215"]
[BlackElo "2117"]
[WhiteTeam "ARG"]
[BlackTeam "USA"]
[WhiteClock "0:00:17"]
[BlackClock "0:00:12"]

1. d4 Nf6 2. c4 c5 3. d5 e5 4. Nc3 d6 5. e4 Be7 6. Be2 Nbd7 7. Be3 Nf8 8. Nf3 Ng6 9. O-O O-O 10. Ne1 a6 11. Nd3 b5 12. f3 Rb8 13. Nf2 Nh5 14. Qd2 b4 15. Ncd1 Nhf4 16. g3 Nxe2+ 17. Qxe2 f5 18. exf5 Bxf5 19. Ne4 Bxe4 20. fxe4 Bg5 21. Nf2 a5 22. Rae1 a4 23. Qg4 Bxe3 24. Rxe3 Qc8 25. Qh5 Rb7 26. Ree1 Rbf7 27. Nh3 Rxf1+ 28. Rxf1 Rxf1+ 29. Kxf1 Qf8+ 30. Kg2 Qf6 31. Ng5 h6 32. Ne6 Kh7 33. h4 a3 34. b3 Qe7 35. Qf5 Qf6 36. h5 Qxf5 37. hxg6+ Kxg6 38. exf5+ Kxf5 39. Kf3 e4+ 40. Ke3 g5 41. Ng7+ Kg6 42. Ne8 h5 43. Nxd6 h4 44. gxh4 gxh4 45. Nxe4 Kf5 46. Nxc5 h3 47. Kf3 Ke5 48. Nd3+ Kd4 49. Nxb4 Kc3 50. d6 Kxb4 51. d7 Kc3 52. d8=Q Kb2 53. Qd2+ Ka1 54. c5 Kb1 55. c6 1-0